 Dungeon Crawl Stone Soup version 0.22.0 (webtiles) character file.

525 KnightedAnt the Skirmisher (level 7, 0/55 HPs)
             Began as a Formicid Abyssal Knight on Oct 31, 2018.
             Was a Believer of Lugonu.
             Slain by Pikel
             ... wielding a +2 whip of electrocution
              (14 damage)
             ... on level 4 of the Dungeon.
             The game lasted 00:09:39 (4437 turns).

KnightedAnt the Skirmisher (FoAK)                   Turns: 4437, Time: 00:09:40

Health: 0/55       AC: 15    Str: 19    XL:     7   Next: 47%
Magic:  19/19      EV:  8    Int: 11    God:    Lugonu [**....]
Gold:   182        SH:  4    Dex: 10    Spells: 6/6 levels left

rFire    . . .     SeeInvis +   a - +1 mace
rCold    . . .     Gourm    .   H - +0 buckler
rNeg     . . .     Faith    .   A - +0 chain mail
rPois    +         Spirit   .   (helmet unavailable)
rElec    .         Reflect  .   y - +2 cloak
rCorr    .         Harm     .   n - +0 pair of gloves
MR       .....                  i - +0 pair of boots
Stlth    ..........             f - amulet of the acrobat
HPRegen  0.18/turn              p - ring of magical power
MPRegen  0.16/turn              w - ring of poison resistance

@: no status effects
A: permanent stasis, dig shafts and tunnels, four strong arms, antennae 3
a: Dig, Shaft Self, Depart the Abyss, Bend Space, Renounce Religion


You were on level 4 of the Dungeon.
You worshipped Lugonu.
Lugonu was pleased with you.
You were not hungry.

You visited 1 branch of the dungeon, and saw 4 of its levels.
You visited the Abyss 1 time.

You collected 182 gold pieces.

Inventory:

Hand Weapons
 a - a +1 mace (weapon)
 J - a cursed -1 scimitar
Missiles
 k - 46 sling bullets
 l - 123 stones (quivered)
 q - 2 throwing nets
Armour
 d - a +0 scale mail of fire resistance
 i - a +0 pair of boots (worn)
 n - a +0 pair of gloves (worn)
 y - a +2 cloak (worn)
 A - a +0 chain mail (worn)
 B - a +3 ring mail
 H - a +0 buckler (worn)
Jewellery
 f - an amulet of the acrobat (around neck)
 p - a ring of magical power (left hand)
 w - a ring of poison resistance (right hand)
Wands
 r - a wand of random effects (18)
 I - a wand of acid (9)
Scrolls
 o - 2 scrolls of amnesia {unknown}
 s - 2 scrolls of enchant armour {unknown}
 t - 4 scrolls of teleportation {unknown}
 u - 3 scrolls of remove curse
 C - a scroll of fog {unknown}
 D - a scroll of noise {unknown}
 E - a scroll of blinking {unknown}
 F - a scroll of fear {unknown}
 G - 9 scrolls of identify {unknown}
Potions
 b - a potion of berserk rage {unknown}
 e - 3 potions of agility
 g - 2 potions of flight {unknown}
 h - a potion of heal wounds
 j - 2 potions of mutation {unknown}
 m - 4 potions of curing {unknown}
 v - a potion of brilliance {unknown}
 x - 2 potions of invisibility {unknown}
 z - a potion of resistance {unknown}
Comestibles
 c - 12 rations


   Skills:
 + Level 4.9 Fighting
 + Level 3.7 Maces & Flails
 + Level 4.2 Armour
 - Level 2.3 Dodging
 + Level 2.1 Shields
 + Level 4.4 Invocations


You had 6 spell levels left.
You didn't know any spells.
Your spell library contained the following spells:

 Spells                   Type           Power        Failure   Level  Hunger
 Confuse                  Hex            #.......     100%        3    ####...
 Tukima's Dance           Hex            #.......     100%        3    ####...
 Ensorcelled Hibernation  Hex/Ice        #.....       99%         2    ###....
 Corona                   Hex            #......      99%         1    ##.....
 Dazzling Spray           Conj/Hex       #.....       100%        3    ####...


Dungeon Overview and Level Annotations

Branches:
Dungeon (4/15)
 Temple: D:4-7

Altars:
Fedhas
Okawaru
Xom

Annotations:
D:4 Pikel


Innate Abilities, Weirdness & Mutations

You cannot be hasted, slowed, berserked, paralysed or teleported.
You can dig through walls and to a lower floor.
Your four strong arms can wield two-handed weapons with a shield.
You have a pair of large antennae on your head. (SInv)


Message History

Pikel hits you but does no damage.
You hit Pikel.
Pikel is heavily wounded.
Pikel hits you but does no damage.
Pikel hits you with a whip of electrocution.
You are electrocuted!
* * * LOW HITPOINT WARNING * * *
You barely miss Pikel.
Pikel is heavily wounded.
Pikel hits you but does no damage.
Your chain mail prevents you from hitting Pikel.
Pikel is heavily wounded.
Pikel hits you but does no damage.
Your shield prevents you from hitting Pikel.
Pikel is heavily wounded.
Pikel hits you but does no damage.
You hit Pikel.
Pikel is severely wounded.
Pikel hits you but does no damage.
You are electrocuted!
You die...

###### #....# #....#
#....# #....# #....# ##
########...@# .#
#.......#'##Kp..... .#
#.....#....#pp..... .#
#.....'....#p...... .#
#.....#....#.......
.#####.....######.......
...#.##'######..########
...'........#....#
...#........'....#
#.....


You could see Pikel and 4 slaves.

Vanquished Creatures
  A phantom (D:4)
  A hound (D:4)
  An orc priest (D:2)
  3 orc wizards
  Crazy Yiuf (D:2)
  An iguana (D:4)
  A centaur skeleton (D:4)
  2 worker ants (D:4)
  A hound skeleton (D:4)
  5 adders
  2 adder skeletons (D:4)
  4 worms
  A dart slug (D:1)
  A leopard gecko (D:1)
  12 orcs
  A giant cockroach (D:3)
  11 goblins
  7 hobgoblins
  4 jackals (D:2)
  A ball python (D:1)
  13 bats
  3 frilled lizards
  9 kobolds
  5 rats
91 creatures vanquished.

Vanquished Creatures (others)
  A leopard gecko (D:3)
  An orc (D:3)
  A kobold (D:3)
3 creatures vanquished.

Grand Total: 94 creatures vanquished

Notes
Turn   | Place    | Note
-------+----------+-------------------------------------------
     0 | Abyss:1  | KnightedAnt the Formicid Abyssal Knight began the quest for the Orb.
     0 | Abyss:1  | Reached XP level 1. HP: 18/18 MP: 2/2
   149 | Abyss:2  | Noticed a frost giant zombie
   192 | Abyss:3  | Noticed an ice statue
   226 | Abyss:4  | Noticed a raiju
   226 | Abyss:4  | Noticed a raiju
   226 | Abyss:4  | Noticed a raiju
   226 | D:1      | Escaped the Abyss
   317 | D:1      | Reached skill level 1 in Dodging
   320 | D:1      | Reached * piety under Lugonu
   360 | D:1      | Reached XP level 2. HP: 20/24 MP: 3/3
   719 | D:1      | Reached XP level 3. HP: 29/29 MP: 4/4
  1085 | D:2      | Found a runed door.
  1137 | D:2      | Found an iron altar of Okawaru.
  1142 | D:2      | Found a blossoming altar of Fedhas.
  1541 | D:2      | Found a shimmering altar of Xom.
  1700 | D:2      | Noticed Crazy Yiuf
  1710 | D:2      | Killed Crazy Yiuf
  1710 | D:2      | Reached XP level 4. HP: 23/37 MP: 6/6
  1926 | D:2      | Reached XP level 5. HP: 31/42 MP: 7/7
  2179 | D:3      | Reached ** piety under Lugonu
  2620 | D:3      | Reached XP level 6. HP: 45/48 MP: 8/8
  3375 | D:4      | Noticed a phantom
  3443 | D:4      | Killed a phantom
  3443 | D:4      | Reached skill level 1 in Shields
  3711 | D:4      | Reached XP level 7. HP: 50/55 MP: 10/10
  4417 | D:4      | Noticed Pikel
  4437 | D:4      | Slain by Pikel

Skill      XL: |  1  2  3  4  5  6  7 |
---------------+----------------------+-----
Dodging        | 1 2 |  2.3
Invocations    | 3 4 |  4.4
Armour         | 3 4 |  4.2
Fighting       | 4 |  4.9
Maces & Flails | 3 |  3.7
Shields        | 1 2 |  2.1

Action                   |  1- 3 |  4- 6 |  7- 9 || total
-------------------------+-------+-------+-------++-------
Melee: Mace              |    99 |   193 |   102 ||   394
Invok: Depart the Abyss  |     1 |       |       ||     1
 Abil: Dig               |       |       |     1 ||     1
  Use: Potion            |     2 |       |       ||     2
       Scroll            |     1 |       |       ||     1
  Eat: Chunk             |     2 |     7 |     3 ||    12
Armor: Scale mail        |    58 |   112 |       ||   170
       Chain mail        |       |    34 |    72 ||   106
Dodge: Dodged            |    69 |   173 |    54 ||   296
Block: Buckler           |       |     5 |    17 ||    22
